 Dungeon Crawl Stone Soup version 0.31-a0-846-gb3bcc0d938 (webtiles) character file.

Game seed: 8304656092655204242

0 kellington the Chiller (level 1, -2/15 HPs)
             Began as a Naga Ice Elementalist on Oct 3, 2023.
             Slain by a hobgoblin (3 damage)
             ... on level 1 of the Dungeon.
             The game lasted 00:02:11 (108 turns).

kellington the Chiller (Naga Ice Elementalist)       Turns: 108, Time: 00:02:13

Health: -2/15      AC:  1    Str: 10    XL:     1   Next: 10%
Magic:  2/3        EV:  9    Int: 15    God:
Gold:   0          SH:  0    Dex: 11    Spells: 3/4 levels left

rFire   . . .        (no weapon)
rCold   . . .        (no shield)
rNeg    . . .        a - +0 robe
rPois   +            (no helmet)
rElec   .            (no cloak)
rCorr   .            (no gloves)
SInv    +            (no barding)
Will    .....        (no amulet)
Stlth   ++           (no ring)
HPRegen 0.22/turn    (no ring)
MPRegen 0.08/turn

%: no passive effects
@: very slow
A: AC +0, large, see invisible, deformed body, poison resistance, slowness 2,
spit poison 1, naga tail 1
a: Spit Poison


You were on level 1 of the Dungeon.
You visited 1 branch of the dungeon, and saw 1 of its levels.

Inventory:

Armour
 a - a +0 robe (worn)
Scrolls
 c - a scroll of vulnerability {unknown}
Potions
 b - a potion of magic
 d - a potion of might {unknown}


   Skills:
 + Level 1.5 Dodging
 + Level 3.1 Stealth
 + Level 2.0 Spellcasting
 + Level 4.0 Ice Magic


You had 3 spell levels left.
You knew the following spells:

 Your Spells              Type           Power      Damage    Failure   Level
a - Freeze                Ice            52%        1d6       4%          1

Your spell library contained the following spells:

 Spells                   Type           Power      Damage    Failure   Level
 Frozen Ramparts          Ice            26%        1d4       13%         3
 Ozocubu's Armour         Ice            13%        N/A       13%         3
 Summon Ice Beast         Ice/Summ       7%         N/A       67%         4


Dungeon Overview and Level Annotations

Branches:
Dungeon (1/15)

Altars:


Innate Abilities, Weirdness & Mutations

Your serpentine skin is tough. (AC +0)
You have supernaturally acute eyesight. (SInv)
Armour fits poorly on your strangely shaped body.
Your system is resistant to poisons. (rPois)
You cover ground very slowly.
You can spit poison.
You have a snake-like lower body.


Message History

Okay, then.
A rat comes into view.
Found a scroll labelled NIREBBAJIY and a red potion.
You hit the rat.
You kill the rat!
c - a scroll labelled NIREBBAJIY
d - a red potion You open the door.
Found a faded altar of an unknown god.
There is an open door here.
There is a faded altar of an unknown god here.
This altar belongs to (a) Hepliaklqana, (b) Qazlal or (c) Gozag, but you can't tell which.
Press the corresponding letter to learn more about a god, or press enter to convert or escape to cancel.
Okay, then.
You open the door.
Found a stone staircase leading down.
A frilled lizard comes into view.
There is an open door here.
A rat and a hobgoblin come into view.
A rat comes into view.
The hobgoblin shouts!
The frilled lizard hisses angrily.
A giant cockroach comes into view.
The frilled lizard bites you.
You hit the hobgoblin but do no damage. The hobgoblin hits you.
The frilled lizard bites you.
* * * LOW HITPOINT WARNING * * *
The rat closely misses you. The hobgoblin hits you.
* * * LOW HITPOINT WARNING * * *
The rat attacks as it pursues you! The rat bites you.
* * * LOW HITPOINT WARNING * * *
The hobgoblin closely misses you. The frilled lizard bites you.
* * * LOW HITPOINT WARNING * * *
Casting: Freeze (safe; 4% risk of failure)
Confirm with . or Enter, or press ? or * to list all spells.
Aiming: Freeze (safe; 4% risk of failure)
Press: ? - help, Shift-Dir - straight line, f - frilled lizard
Aim: a frilled lizard You freeze the frilled lizard.
You kill the frilled lizard!
The hobgoblin hits you.
You die...

....##........
....#.........#.
....#...........##..
....#.....# #.#...
..........### #...# #
............# #..# ##.##
......#####.###..# ......
......#8.8#.....r##......
...8###...###8..@.r......
#...'..._...'...Bg#.##.##
##.8###...###8.>........#
##....#8.8#....##.#.##.##
#####.#####.....#....# #
# ... ......##....# #
.##......##....# #
.........##....# #
#######.##....#


You could see a giant cockroach, a hobgoblin and 2 rats.

Vanquished Creatures
  A frilled lizard (D:1)
  A rat (D:1)
2 creatures vanquished.

Notes
Turn   | Place    | Note
-------+----------+-------------------------------------------
     0 | D:1      | kellington the Naga Ice Elementalist began the quest for
                  | the Orb.
     0 | D:1      | Reached XP level 1. HP: 15/15 MP: 3/3
    89 | D:1      | Found a faded altar of an unknown god.
   108 | D:1      | Slain by a hobgoblin

Illustrated notes

Levels and vault maps discovered:
D:1:      ncdulo_halloftheorcs, layout_basic,
          dreamdust_ecumenical_altar_angels_and_demons, minmay_statues_item

Action                     || total
---------------------------++-------
  Melee: Unarmed           ||     2
   Cast: Freeze            ||     1
 Armour: Robe              ||     7
  Dodge: Dodged            ||     2

Table legend: (Time is in decaauts)
 A = Elapsed time spent in this place.
 B = Non-inter-level travel time spent in this place.
 C = Inter-level travel time spent in this place.
 D = Time resting spent in this place.
 E = Time spent auto-exploring this place.
 F = Levels seen in this place.
 G = Mean time per level.
                   A        B        C        D        E       F      G
               +--------+--------+--------+--------+--------+-----+--------+
         Total |    148 |    146 |      2 |      0 |      0 |   1 |  148.0 |
       Dungeon |    148 |    146 |      2 |      0 |      0 |   1 |  148.0 |
               +--------+--------+--------+--------+--------+-----+--------+

Top non-repeatable levels by time:
     D:1: 148 daAuts
